 Dungeon Crawl Stone Soup version 0.31.0-12-g77e489cdc1 (webtiles) character file.

Game seed: 2364111845849660820

79 Cheez the Magician (level 4, -3/36 HPs)
             Began as a Gnoll Wanderer on Feb 23, 2024.
             Killed from afar by an orc wizard (9 damage)
             ... with a magic dart
             ... on level 4 of the Dungeon.
             The game lasted 00:12:33 (1346 turns).

Cheez the Magician (Gnoll Wanderer)                 Turns: 1346, Time: 00:12:34

Health: -3/36      AC:  2    Str: 15 (16) XL:     4   Next: 38%
Magic:  13/13      EV: 27    Int: 14 (17) God:
Gold:   165        SH:  0    Dex: 14 (15) Spells: 15/17 levels left

rFire   . . .        u - +2 short sword (freeze)
rCold   . . .        (no shield)
rNeg    . . .        c - +0 robe
rPois   .            (no helmet)
rElec   .            (no cloak)
rCorr   .            (no gloves)
SInv    .            (no boots)
Will    +....        n - amulet of the acrobat
Stlth   ++           r - +6 ring of dexterity
HPRegen 0.26/turn    a - +6 ring of strength
MPRegen 0.13/turn

%: acrobat
@: mighty, acrobatic
A: fangs 1, strong nose, distributed training, frail 1, strong-willed 1,
evolution 1
a: no special abilities


You were on level 4 of the Dungeon.
You visited 1 branch of the dungeon, and saw 4 of its levels.

You collected 165 gold pieces.

Inventory:

Hand Weapons
 u - a +2 short sword of freezing (weapon)
Missiles
 k - 2 poisoned darts (quivered)
Armour
 c - a +0 robe (worn)
 q - a +0 plate armour
Jewellery
 a - a +6 ring of strength (right hand)
 h - a ring of willpower
 n - an amulet of the acrobat (around neck)
 r - a +6 ring of dexterity (left hand)
Scrolls
 b - a scroll of butterflies
 d - a scroll of silence
 f - a scroll of immolation {unknown}
 g - a scroll of noise {unknown}
 m - a scroll of fog
 p - a scroll of blinking {unknown}
 s - 2 scrolls of identify {unknown}
 t - a scroll of revelation {unknown}
Potions
 e - a potion of degeneration
 i - a potion of curing {unknown}


   Skills:
 + Level 6.6 Fighting
 + Level 1.2 Short Blades
 + Level 1.2 Long Blades
 + Level 1.2 Axes
 + Level 1.2 Maces & Flails
 + Level 1.2 Polearms
 + Level 1.2 Staves
 + Level 1.2 Ranged Weapons
 + Level 1.2 Throwing
 + Level 1.2 Armour
 + Level 2.8 Dodging
 + Level 2.6 Stealth
 + Level 1.2 Shields
 + Level 1.2 Unarmed Combat
 + Level 7.2 Spellcasting
 + Level 1.0 Conjurations
 + Level 1.0 Hexes
 + Level 1.0 Summonings
 + Level 1.0 Necromancy
 + Level 2.2 Translocations
 + Level 1.0 Fire Magic
 + Level 1.0 Ice Magic
 + Level 1.0 Air Magic
 + Level 1.0 Earth Magic
 + Level 1.0 Alchemy
 + Level 1.3 Invocations
 + Level 1.2 Evocations
 + Level 1.1 Shapeshifting


You had 15 spell levels left.
You knew the following spells:

 Your Spells              Type           Power      Damage    Failure   Level
a - Sting                 Conj/Alch      28%        1d4       10%         1
b - Freeze                Ice            28%        1d5       10%         1

Your spell library contained the following spells:

 Spells                   Type           Power      Damage    Failure   Level
 Apportation              Tloc           22%        N/A       5%          1
 Magic Dart               Conj           28%        1d4       10%         1
 Searing Ray              Conj           14%        2d5       14%         2
 Teleport Other           Tloc           11%        N/A       16%         3
 Fugue of the Fallen      Necr           7%         N/A       28%         3
 Hailstorm                Conj/Ice       7%         3d5       28%         3
 Ozocubu's Armour         Ice            7%         N/A       28%         3
 Manifold Assault         Tloc           11%        N/A       47%         4
 Fulminant Prism          Conj/Alch      3%         3d5       67%         4
 Summon Forest            Summ/Tloc      4%         N/A       89%         5
 Summon Mana Viper        Hex/Summ       7%         N/A       95%         5
 Summon Cactus Giant      Summ           3%         N/A       100%        6


Dungeon Overview and Level Annotations

Branches:
Dungeon (4/15)
 Temple: D:4-7

Altars:

Shops:
D:3 ?


Innate Abilities, Weirdness & Mutations

You have very sharp teeth.
Your uncanny sense of smell can sniff out nearby items.
Your experience applies equally to all skills.
You are frail. (-10% HP)
You are strong-willed. (Will+)
You have hidden genetic potential.


Message History

An orc wizard comes into view. It is wielding a +0 dagger.
The orc wizard shouts!
You hit the orc but do no damage.
The orc is heavily wounded.
The orc hits you with a +1 flail of protection!
You closely miss the orc. You bite the orc, but do no damage.
The orc is heavily wounded.
The orc barely misses you.
You hit the orc. You freeze the orc.
You kill the orc!
The orc priest mumbles some strange prayers to Beogh against you.
Beogh smites you!
* * * LOW HITPOINT WARNING * * *
The orc priest looks satisfied for a moment.
The orc wizard casts a spell.
The orc wizard flickers and vanishes!
Deactivating autopickup; reactivate with Ctrl-A.
There is an open door here.
You hit the orc. You freeze the orc.
The orc is severely wounded.
The orc hits you with a +0 whip.
* * * LOW HITPOINT WARNING * * *
You puncture the orc! You freeze the orc.
You kill the orc!
Your Conjurations skill increases to level 1!
Your Hexes skill increases to level 1!
Your Summonings skill increases to level 1!
Your Necromancy skill increases to level 1!
Your Fire Magic skill increases to level 1!
Your Ice Magic skill increases to level 1!
Your Air Magic skill increases to level 1!
Your Earth Magic skill increases to level 1!
Your Alchemy skill increases to level 1!
You open the door.
Found a rapier.
There is an open door here.
You see here a +0 rapier.
A magic dart appears from out of thin air!
The magic dart hits you!
You die...

.. .. .# #.. #..
#.# ..##..##.#
#..#....# ∆
...#...#### ..#
#..#.....#
.#...##...#....#
#......@..)#...#
....#.##...{o..# .
# #######'#....#
#.......# ..# .
+.......# #
...#####+###.##
#.).......##o###+##
#.....)o.{'go.....#
#........g#.......#


You could see an orc.

Vanquished Creatures
  3 adders (D:3)
  A shadow imp (D:4)
  A ribbon worm (D:3)
  3 orcs (D:4)
  6 endoplasms
  2 giant cockroaches
  2 goblins
  2 hobgoblins
  3 jackals (D:3)
  5 kobolds
  2 ball pythons (D:1)
  4 bats
  2 rats
36 creatures vanquished.

Notes
Turn   | Place    | Note
-------+----------+-------------------------------------------
     0 | D:1      | Cheez the Gnoll Wanderer began the quest for the Orb.
     0 | D:1      | Cheez set off with the following items: a +0 club, a scroll
                  | of butterflies, a +0 robe, a scroll of silence; and the
                  | following spells available to memorise: Apportation,
                  | Freeze, Sting, Teleport Other, Hailstorm.
     0 | D:1      | Reached XP level 1. HP: 23/23 MP: 8/8
     2 | D:1      | Learned a level 1 spell: Sting
   196 | D:1      | Reached XP level 2. HP: 21/29 MP: 10/10
   770 | D:2      | You fall into a shaft and drop 1 floor!
   819 | D:3      | Reached XP level 3. HP: 35/35 MP: 8/11
   844 | D:3      | Reached skill level 1 in Invocations
   934 | D:3      | Reached skill level 1 in Short Blades
   934 | D:3      | Reached skill level 1 in Long Blades
   934 | D:3      | Reached skill level 1 in Axes
   934 | D:3      | Reached skill level 1 in Maces & Flails
   934 | D:3      | Reached skill level 1 in Polearms
   934 | D:3      | Reached skill level 1 in Staves
   934 | D:3      | Reached skill level 1 in Ranged Weapons
   934 | D:3      | Reached skill level 1 in Throwing
   934 | D:3      | Reached skill level 1 in Armour
   934 | D:3      | Reached skill level 1 in Shields
   934 | D:3      | Reached skill level 1 in Unarmed Combat
   934 | D:3      | Reached skill level 1 in Evocations
   984 | D:3      | Learned a level 1 spell: Freeze
  1051 | D:3      | Found Uddota's Magic Scroll Shop.
  1176 | D:4      | Noticed a phantom
  1190 | D:3      | Reached skill level 1 in Shapeshifting
  1190 | D:3      | Reached XP level 4. HP: 30/41 MP: 9/13
  1289 | D:4      | Gained mutation: You are strong-willed. (Will+) [potion of
                  | mutation]
  1289 | D:4      | Gained mutation: You are frail. (-10% HP) [potion of
                  | mutation]
  1289 | D:4      | Gained mutation: You have hidden genetic potential. [potion
                  | of mutation]
  1334 | D:4      | Reached skill level 1 in Conjurations
  1334 | D:4      | Reached skill level 1 in Hexes
  1334 | D:4      | Reached skill level 1 in Summonings
  1334 | D:4      | Reached skill level 1 in Necromancy
  1334 | D:4      | Reached skill level 1 in Fire Magic
  1334 | D:4      | Reached skill level 1 in Ice Magic
  1334 | D:4      | Reached skill level 1 in Air Magic
  1334 | D:4      | Reached skill level 1 in Earth Magic
  1334 | D:4      | Reached skill level 1 in Alchemy
  1346 | D:4      | Killed from afar by an orc wizard

Illustrated notes

Levels and vault maps discovered:
D:1:      mrwooster_arrival_statue, layout_loops_ring,
          amcnicky_mini_corridor_feature, serial_bayou_lagoon_b
D:2:      layout_basic, serial_shops, nicolae_shop_hallway_stairs,
          due_unseen_surprise
D:3:      layout_basic, serial_shops, shop
D:4:      layout_gridville, mainiacjoe_overflow_catwalk,
          minmay_temple_entry_slanted, serial_glass, glass_columns_b,
          glass_columns_a, minivault_26, st_stairs_4

Skill      XL: |  1  2  3  4 |
---------------+-------------+-----
Translocations | 2 |  2.2
Invocations    | 1 |  1.3
Short Blades   | 1 |  1.2
Long Blades    | 1 |  1.2
Axes           | 1 |  1.2
Maces & Flails | 1 |  1.2
Polearms       | 1 |  1.2
Staves         | 1 |  1.2
Ranged Weapons | 1 |  1.2
Throwing       | 1 |  1.2
Armour         | 1 |  1.2
Shields        | 1 |  1.2
Unarmed Combat | 1 |  1.2
Evocations     | 1 |  1.2
Shapeshifting  | 1 |  1.1
Conjurations   | 1 |  1.0
Hexes          | 1 |  1.0
Summonings     | 1 |  1.0
Necromancy     | 1 |  1.0
Fire Magic     | 1 |  1.0
Ice Magic      | 1 |  1.0
Air Magic      | 1 |  1.0
Earth Magic    | 1 |  1.0
Alchemy        | 1 |  1.0
Fighting       | |  6.6
Dodging        | |  2.8
Stealth        | |  2.6
Spellcasting   | |  7.2

Action                     |  1- 3 |  4- 6 || total
---------------------------+-------+-------++-------
  Melee: Club              |    58 |       ||    58
         Bite              |    13 |     2 ||    15
         Hand axe          |    43 |     5 ||    48
         Short sword       |       |    11 ||    11
  Throw: Dart              |     3 |       ||     3
   Cast: Sting             |    16 |     4 ||    20
    Use: Scroll            |     1 |       ||     1
         Potion            |       |     3 ||     3
 Armour: Robe              |    58 |    14 ||    72
  Dodge: Dodged            |    82 |    34 ||   116
